 Dungeon Crawl Stone Soup version 0.28-a0-1415-g7c84da036a (webtiles) character file.

Game seed: 12887184490626644247

3716 spaghetti the Slicer (level 9, -4/61 HPs)
             Began as a Demonspawn Wanderer on Jan 7, 2022.
             Was an Elder of Hepliaklqana.
             Slain by a wyvern (13 damage)
             ... on level 7 of the Dungeon on Jan 8, 2022.
             The game lasted 00:17:26 (6293 turns).

spaghetti the Slicer (Demonspawn Wanderer)          Turns: 6293, Time: 00:17:27

Health: -4/61      AC:  7    Str: 13 (16) XL:     9   Next: 91%
Magic:  10/10      EV:  9    Int: 10 (12) God:    Hepliaklqana [****..]
Gold:   412        SH: 10    Dex: 13 (15) Spells: 9/10 levels left

rFire   . . .      SeeInvis .   y - +0 dagger (elec) {short}
rCold   + . .      Faith    .   G - +0 kite shield
rNeg    . . .      Spirit   .   c - +0 robe
rPois   .          Reflect  .   (no helmet)
rElec   .          Harm     .   s - +2 cloak {Will+}
rCorr   .          Rampage  .   (no gloves)
Will    +....                   (no boots)
Stlth   ++........              l - amulet of regeneration {@e2}
HPRegen 1.00/turn               x - ring of protection from cold
MPRegen 0.24/turn               (no ring)

@: invisible
A: reduced essence, slimy green scales 1, spiny 1, magic regeneration
a: Renounce Religion, Recall Ancestor, Ancestor Identity, Transference, Idealise


You were on level 7 of the Dungeon.
You worshipped Hepliaklqana.
Hepliaklqana was greatly pleased with you.
You visited 1 branch of the dungeon, and saw 8 of its levels.

You collected 412 gold pieces.


Innate Abilities, Weirdness & Mutations

Your life essence is reduced to manifest your ancestor. (-10% HP)
You are partially covered in slimy green scales. (AC +2)
You are partially covered in sharp spines.
You regenerate magic rapidly.


   Skills:
 - Level 5.2 Fighting
 + Level 10.0 Short Blades
 - Level 1.0 Armour
 - Level 2.0 Stealth
 + Level 7.2 Shields
 - Level 1.0 Spellcasting
 - Level 2.0 Summonings


You had 9 spell levels left.
You knew the following spells:

 Your Spells              Type           Power      Damage    Failure   Level
a - Summon Small Mammal   Summ           16%        N/A       36%         1

Your spell library contained the following spells:

 Spells                   Type           Power      Damage    Failure   Level
 Apportation              Tloc           0%         N/A       65%         1
 Sandblast                Erth           0%         2d4       65%         1
 Blink                    Tloc           0%         N/A       78%         2
 Passwall                 Tmut/Erth      0%         N/A       78%         2
 Summon Guardian Golem    Hex/Summ       2%         N/A       86%         3
 Stone Arrow              Conj/Erth      0%         3d7       95%         3
 Alistair's Intoxication  Tmut/Pois      0%         N/A       100%        5
 Manifold Assault         Tloc           0%         N/A       100%        5
 Storm Form               Tmut/Air       0%         N/A       100%        7

Inventory:

Hand Weapons
 a - a +2 short sword {short}
 t - a +0 vorpal mace {mace}
   (You found it on level 2 of the Dungeon)
 y - a +0 dagger of electrocution (weapon) {short}
   (You took it off a goblin on level 3 of the Dungeon)
 K - a +2 short sword of venom {short}
   (You found it on level 6 of the Dungeon)
Missiles
 g - 80 arrows
 k - a throwing net {=f!fthrowing}
 n - 130 stones {throwing}
 q - 98 sling bullets
 u - 10 boomerangs {throwing}
 w - 66 bolts
 D - 6 javelins {throwing}
 I - 13 poisoned darts {throwing}
Armour
 b - a +0 cloak
 c - a +0 robe (worn)
 s - a +2 cloak of willpower (worn)
   (You found it on level 2 of the Dungeon)
 G - a +0 kite shield (worn)
   (You found it on level 5 of the Dungeon)
Magical Staves
 z - a staff of death {!astaff}
   (You found it on level 3 of the Dungeon)
Jewellery
 l - an amulet of regeneration (around neck) {@e2}
   (You found it on level 1 of the Dungeon)
 x - a ring of protection from cold (left hand)
   (You found it on level 3 of the Dungeon)
 M - an amulet of guardian spirit
   (You took it off an orc on level 6 of the Dungeon)
Wands
 B - a wand of polymorph (14)
   (You found it on level 4 of the Dungeon)
Scrolls
 e - 3 scrolls of identify {unknown}
 f - 4 scrolls of fog {unknown}
 h - 3 scrolls of amnesia {unknown}
 i - a scroll of enchant weapon {unknown}
 j - 4 scrolls of teleportation {unknown}
 o - 4 scrolls of noise {unknown}
 p - a scroll of brand weapon {unknown}
 r - 2 scrolls of summoning {unknown}
 F - a scroll of blinking {unknown}
 H - a scroll of immolation {unknown}
 J - a scroll of silence {unknown}
 O - 2 scrolls of enchant armour {unknown}
Potions
 d - a potion of invisibility
 m - a potion of attraction {unknown}
 v - 3 potions of heal wounds {unknown}
 A - 4 potions of curing {@q1}
 E - a potion of brilliance {unknown}
 L - 2 potions of magic {unknown}
 N - 2 potions of might {unknown}

Dungeon Overview and Level Annotations

Branches:
Dungeon (8/15)             Temple (0/1) D:7            Lair (0/6) D:8

Altars:
Hepliaklqana
Okawaru
Ru
Xom

Shops:
D:6 *

Annotations:
D:7 exclusion: goblin

#...≈g∩>≈. #....# #...≈g..≈
#....# #####...≈≈≈≈
############....# #........
#......>.....#'### #.......
#............'...# #......#
#............#...# #......#
#............#...# #......#
#............#...#
#......#########@...........#'###
#####..........lg...#####'#......
#......>........#.....#......
#...............#.....'..<...
#...............'.....#......
#...............###...#......
##############'####'###......
#....#....#......
#....'....#......


You could see a wyvern and a goblin.


Message History

The black bear claws you but does no damage.
You block the black bear's attack. 😕 HP[+1]
You hit the death yak but do no damage. The death yak closely misses you.
The wyvern barely misses you.
You hit the death yak but do no damage.
The death yak looks as sick as possible!
Cuahtemoc closely misses the death yak.
The wyvern barely misses you. The black bear bites you.
The black bear barely misses you.
The black bear claws you but does no damage.
The death yak gores you!
You are too injured to fight recklessly! 😮 HP[-13]
You take 13 damage, and now have 45/61 hp.
MASSIVE DAMAGE!! (PAUSE)
You are too injured to fight recklessly!
You are too injured to fight recklessly!
You are too injured to fight recklessly!
You are too injured to fight recklessly!
You are too injured to fight recklessly!
You are too injured to fight recklessly!
Cuahtemoc hits the death yak with a +0 dagger of draining.
Cuahtemoc drains the death yak.
The black bear bites Cuahtemoc!
The black bear claws Cuahtemoc. x2; The death yak gores Cuahtemoc!
The wyvern bites you. 😮 HP[-4]
You take 4 damage, and now have 41/61 hp.
Cuahtemoc hits the black bear with a +0 dagger of draining! 😮 HP[+1] Cuahtemoc hits the black bear with a +0 dagger of draining!
Cuahtemoc drains the black bear.
The black bear goes berserk!
The wyvern is struck by your spines. The wyvern bites you! 😮 HP[-8]
You take 8 damage, and now have 34/61 hp.
Cuahtemoc points at the black bear and mumbles some strange words.
The black bear seems to slow down. 😮 HP[+1]
Something hits Cuahtemoc but does no damage.
Something closely misses Cuahtemoc.
Cuahtemoc hits the black bear with a +0 dagger of draining.
Cuahtemoc drains the black bear.
The wyvern bites you but does no damage. 😮 HP[+1]
The black bear bites Cuahtemoc!
The black bear barely misses Cuahtemoc. x2
Cuahtemoc hits the black bear with a +0 dagger of draining.
The black bear dies! 😮 HP[+1]
The wyvern is struck by your spines. The wyvern bites you.
There is a stone staircase leading up here.
The wyvern is struck by your spines. The wyvern barely misses you.
You climb upwards.
Level annotation: exclusion: goblin The goblin shouts!
There is a stone staircase leading down here. 😮 HP[+3]
You regained 3 hp, and now have 40/61 hp.
Unknown command.
Unknown command.
Your +2 short sword of venom {short} stops dripping with poison.
You hear the crackle of electricity.
y - a +0 dagger of electrocution (weapon)
{short} The wyvern completely misses you.
The goblin hits you but does no damage.
You hit the goblin. The wyvern is struck by your spines. The wyvern bites you!
* * * LOW HITPOINT WARNING * * *
😨 HP[-12]
You take 12 damage, and now have 28/61 hp.
You hit the goblin. The goblin hits you but does no damage.
The wyvern bites you!
* * * LOW HITPOINT WARNING * * *
😨 HP[-10]
You take 10 damage, and now have 18/61 hp.
The wyvern bites you.
* * * LOW HITPOINT WARNING * * *
😨 HP[-1]
You take 1 damage, and now have 17/61 hp.
The wyvern hisses menacingly.
The wyvern completely misses you. 😨 HP[+1] 😨 HP[+1]
You block the wyvern's attack. 😨 HP[+1]
The wyvern bites you!
* * * LOW HITPOINT WARNING * * *
😱 HP[-13]
You take 13 damage, and now have 7/61 hp.
MASSIVE DAMAGE!! (PAUSE)
Okay, then.
Cuahtemoc is not nearby!
Okay, then.
It was a potion of degeneration.
There was something very wrong with that liquid.
You feel weakened.
You feel dopey.
You feel clumsy.
You block the wyvern's attack. 😱 HP[+1] It was a potion of invisibility.
You fade into invisibility!
The wyvern closely misses you. The wyvern is struck by your spines.
The wyvern bites you!
You die...

Skill      XL: |  1  2  3  4  5  6  7  8  9 |
---------------+----------------------------+-----
Stealth        | 2 |  2.0
Fighting       | 3 4 5 |  5.2
Short Blades   | 3 5 7 8 10 | 10.0
Shields        | 1 5 7 |  7.2
Armour         | |  1.0
Spellcasting   | |  1.0
Summonings     | |  2.0

Action                   |  1- 3 |  4- 6 |  7- 9 || total
-------------------------+-------+-------+-------++-------
Melee: Short sword       |    99 |    23 |   170 ||   292
       Punch             |     1 |     1 |     2 ||     4
       Dagger            |       |   101 |   111 ||   212
 Cast: Summon Small Mamm |     9 |    11 |     7 ||    27
Invok: Ancestor Life: He |       |     1 |       ||     1
  Use: Potion            |       |       |     2 ||     2
 Stab: Sleeping          |     9 |     6 |     5 ||    20
       Distracted        |       |       |     4 ||     4
       Confused          |       |       |     1 ||     1
Armor: Robe              |    35 |    42 |    59 ||   136
Dodge: Dodged            |    60 |    54 |    89 ||   203
Block: Kite shield       |       |       |   106 ||   106

Levels and vault maps discovered:
D:1:      matt_arrival_diagonals, layout_basic, ebering_ecumenical_altar_webs
D:2:      layout_loops_corners
D:3:      layout_basic
D:4:      layout_loops_corners
D:5:      layout_layer_cave, minmay_misc_feat_room, kennysheep_generic_room_10
D:6:      layout_basic, nicolae_overflow_hidden_temple, enter_ossuary_4,
          serial_shops, shop, uniq_grinder
D:7:      layout_gridville, nicolae_ru_awakened_eye,
          minmay_temple_entry_glassed_door, enter_bailey_5
D:8:      layout_gridville, minitemple, david_lair_generic, uniq_maggie

Notes
Turn   | Place    | Note
-------+----------+-------------------------------------------
     0 | D:1      | spaghetti the Demonspawn Wanderer began the quest for the
                  | Orb.
     0 | D:1      | spaghetti set off with the following items: a +2 short
                  | sword {short}, a +0 cloak, a +0 robe; and the following
                  | spell memorised: Summon Small Mammal; and the following
                  | spells available to memorise: Summon Guardian Golem
     0 | D:1      | Reached XP level 1. HP: 16/16 MP: 2/2
     0 | D:1      | magus.rc [v1.9.6]
    91 | D:1      | Upgraded the game from 0.28-a0-1412-gf95308ed99 to
                  | 0.28-a0-1415-g7c84da036a
    91 | D:1      | magus.rc [v1.9.6]
   116 | D:1      | Reached skill level 2 in Stealth
   284 | D:1      | Found a faded altar of an unknown god.
   292 | D:1      | Prayed at the altar of an unknown god.
   292 | D:1      | Became a worshipper of Hepliaklqana the Forgotten
   292 | D:1      | Reached * piety under Hepliaklqana
   306 | D:1      | You pick up a book of Party Tricks and begin reading...
   306 | D:1      | You add the spells Apportation and Alistair's Intoxication
                  | to your library.
   405 | D:1      | Gained mutation: You are partially covered in slimy green
                  | scales. (AC +2) [demonic ancestry]
   405 | D:1      | Reached XP level 2. HP: 20/20 MP: 3/3
   405 | D:1      | magus.rc [v1.9.6]
   410 | D:1      | magus.rc [v1.9.6]
   568 | D:1      | Reached skill level 3 in Fighting
  1064 | D:2      | Reached XP level 3. HP: 26/26 MP: 4/4
  1402 | D:2      | Reached skill level 4 in Fighting
  1479 | D:2      | Reached XP level 4. HP: 30/33 MP: 5/5
  1761 | D:2      | You pick up a book of Geomancy and begin reading...
  1761 | D:2      | You add the spells Sandblast, Passwall and Stone Arrow to
                  | your library.
  1859 | D:3      | Noticed a scorpion
  1905 | D:3      | Reached ** piety under Hepliaklqana
  1911 | D:3      | Killed a scorpion
  1912 | D:3      | Reached skill level 5 in Fighting
  1912 | D:3      | Reached XP level 5. HP: 27/39 MP: 1/6
  2067 | D:3      | Reached skill level 2 in Short Blades
  2625 | D:4      | You add the spells Blink, Manifold Assault and Storm Form
                  | to your library.
  2777 | D:4      | Reached skill level 3 in Short Blades
  2828 | D:4      | Gained mutation: You regenerate magic rapidly. [demonic
                  | ancestry]
  2828 | D:4      | Reached XP level 6. HP: 45/45 MP: 7/7
  2836 | D:4      | Remembered your ancestor Cuahtemoc as a hexer
  2947 | D:4      | Reached skill level 4 in Short Blades
  3414 | D:5      | Entered Level 5 of the Dungeon
  3414 | D:5      | Noticed a water moccasin
  3421 | D:5      | Killed a water moccasin
  3422 | D:5      | Reached skill level 5 in Short Blades
  3422 | D:5      | Reached XP level 7. HP: 25/50 MP: 5/8
  3506 | D:5      | Reached skill level 6 in Short Blades
  3765 | D:5      | Reached *** piety under Hepliaklqana
  4121 | D:5      | Reached skill level 1 in Shields
  4319 | D:6      | Reached skill level 7 in Short Blades
  4339 | D:6      | Gained mutation: You are partially covered in sharp spines.
                  | [demonic ancestry]
  4339 | D:6      | Reached XP level 8. HP: 55/55 MP: 9/9
  4357 | D:6      | Reached skill level 2 in Shields
  4630 | D:6      | Found an iron altar of Okawaru.
  4633 | D:6      | Found a shimmering altar of Xom.
  4649 | D:6      | Reached skill level 3 in Shields
  4752 | D:6      | Reached skill level 8 in Short Blades
  4752 | D:6      | Reached skill level 4 in Shields
  4844 | D:6      | Reached skill level 5 in Shields
  4844 | D:6      | Reached XP level 9. HP: 61/61 MP: 10/10
  4867 | D:6      | Found a sand-covered staircase.
  4897 | D:6      | Found Miugusuc's Assorted Antiques.
  4930 | D:6      | Noticed Grinder
  4965 | D:6      | Killed Grinder
  5100 | D:7      | Reached skill level 9 in Short Blades
  5239 | D:7      | Found a flagged portal.
  5302 | D:7      | Reached skill level 6 in Shields
  5345 | D:7      | Found a sacrificial altar of Ru.
  5664 | D:7      | Found a staircase to the Ecumenical Temple.
  5954 | D:7      | Reached **** piety under Hepliaklqana
  6188 | D:8      | Reached skill level 7 in Shields
  6264 | D:8      | Found a staircase to the Lair.
  6266 | D:8      | Noticed a death yak
  6272 | D:8      | Reached skill level 10 in Short Blades
  6291 | D:7      | HP: 7/61 [wyvern (14)]
  6293 | D:7      | Slain by a wyvern

Vanquished Creatures
  Grinder (D:6)
  3 yaks (D:6)
  2 water moccasins
  A sky beast (D:7)
  A necrophage (D:4)
  2 centaurs
  2 phantoms
  2 kobold brigands
  A bullfrog (D:6)
  A gnoll sergeant (D:7)
  A scorpion (D:6)
  2 wyvern skeletons
  A water moccasin skeleton (D:7)
  8 killer bees
  A howler monkey (D:5)
  2 bullfrog zombies
  2 jellies (D:6)
  A centaur skeleton (D:5)
  2 hounds
  2 orc priests
  2 iguanas (D:5)
  An orc wizard (D:4)
  2 hound skeletons
  A howler monkey zombie (D:7)
  4 gnolls
  4 adders
  An ufetubus (D:7)
  An adder skeleton (D:4)
  A worm (D:2)
  3 dart slugs
  4 orcs
  8 ball pythons
  5 endoplasms
  4 giant cockroaches
  9 goblins
  4 hobgoblins
  4 jackals (D:1)
  6 quokkas
  3 bats
  A frilled lizard (D:1)
  17 kobolds
  A quokka zombie (D:6)
  8 rats
  A rat zombie (D:6)
133 creatures vanquished.

Vanquished Creatures (collateral kills)
  A yak (D:6)
  2 black bears (D:8)
  An ogre (D:5)
  A phantom (D:6)
  A bullfrog (D:7)
  2 scorpions
  2 killer bees
  A centaur zombie (D:8)
  A gnoll shaman (D:4)
  A jelly (D:5)
  An iguana (D:5)
  An orc wizard (D:4)
  A howler monkey zombie (D:5)
  4 gnolls
  2 adders
  A white imp (D:7)
  A dart slug (D:5)
  2 orcs (D:6)
  A ball python (D:2)
  2 hobgoblins
  3 kobolds
  2 goblins
  A rat (D:2)
35 creatures vanquished.

Vanquished Creatures (others)
  A hexer (D:7)
  2 ancestors
3 creatures vanquished.

Grand Total: 171 creatures vanquished

Table legend:
 A = Non-vault XP
 B = Vault XP
 C = Vault XP percentage of total XP
 D = Non-vault monster count
 E = Vault monster count
 F = Vault count percentage of total count
                 A         B        C        D         E       F
            +---------+---------+-------+---------+---------+-------
      Total |    4685 |     624 |  11.8 |     158 |      10 |   6.0
            +---------+---------+-------+---------+---------+-------
        D:1 |      32 |       0 |   0.0 |      18 |       0 |   0.0
        D:2 |      71 |       0 |   0.0 |      27 |       0 |   0.0
        D:3 |     188 |       0 |   0.0 |      22 |       0 |   0.0
        D:4 |     329 |       0 |   0.0 |      18 |       0 |   0.0
        D:5 |     649 |      73 |  10.1 |      14 |       2 |  12.5
        D:6 |    1614 |     292 |  15.3 |      22 |       3 |  12.0
        D:7 |    1506 |       5 |   0.3 |      32 |       3 |   8.6
        D:8 |     296 |     254 |  46.2 |       5 |       2 |  28.6
            +---------+---------+-------+---------+---------+-------

Illustrated notes

Table legend:
 A = Kills in this place as a percentage of kills in entire the game.
 B = Kills by you in this place as a percentage of kills by you in the entire game.
 C = Kills by friends in this place as a percentage of kills by friends in the entire game.
 D = Other kills in this place as a percentage of other kills in the entire game.
 E = Experience gained in this place as a percentage of experience gained in the entire game.
 F = Experience gained in this place divided by the number of levels of this place that you have seen.
                   A       B       C       D       E      F
               +-------+-------+-------+-------+-------+----------------------
         Total | 100.0 | 100.0 | 100.0 |   N/A | 100.0 | 663.6
       Dungeon | 100.0 | 100.0 | 100.0 |   N/A | 100.0 | 663.6
               +-------+-------+-------+-------+-------+----------------------

Table legend: (Time is in decaauts)
 A = Elapsed time spent in this place.
 B = Non-inter-level travel time spent in this place.
 C = Inter-level travel time spent in this place.
 D = Time resting spent in this place.
 E = Time spent auto-exploring this place.
 F = Levels seen in this place.
 G = Mean time per level.
                   A        B        C        D        E       F      G
               +--------+--------+--------+--------+--------+-----+--------+
         Total |   6219 |   6029 |    190 |    229 |   4661 |   8 |  777.4 |
       Dungeon |   6219 |   6029 |    190 |    229 |   4661 |   8 |  777.4 |
               +--------+--------+--------+--------+--------+-----+--------+

Top non-repeatable levels by time:
     D:7: 1076 daAuts
     D:1: 941 daAuts
     D:2: 901 daAuts
     D:5: 872 daAuts
     D:4: 788 daAuts
     D:6: 773 daAuts
     D:3: 766 daAuts
     D:8: 97 daAuts
